 Dungeon Crawl Stone Soup version 0.28.0-47-ge53b351184 (webtiles) character file.

Game seed: 1126222905622643255

1242 firemarshallily the Slasher (level 8, 0/61 HPs)
             Began as a Demonspawn Gladiator on Apr 29, 2022.
             Was an Elder of Makhleb.
             Slain by an orc warrior
             ... wielding a +0 war axe
              (8 damage)
             ... on level 6 of the Dungeon.
             The game lasted 00:23:46 (4365 turns).

firemarshallily the Slasher (Demonspawn Gladiator)  Turns: 4365, Time: 00:23:48

Health: 0/61       AC:  7    Str: 16    XL:     8   Next: 25%
Magic:  11/11      EV: 15    Int: 11    God:    Makhleb [****..]
Gold:   1307       SH: 10    Dex: 10    Spells: 6/7 levels left

rFire   . . .      SeeInvis .   a - +0 long sword
rCold   . . .      Faith    .   (no shield)
rNeg    . . .      Spirit   .   u - +0 ring mail
rPois   +          Reflect  .   (helmet restricted)
rElec   .          Harm     .   l - +0 cloak
rCorr   .          Rampage  .   (no gloves)
Will    .....                   (no boots)
Stlth   ..........              c - amulet "Xaps" {RegenMP rPois Regen+ Dex-4}
HPRegen 1.00/turn               q - +4 ring of evasion
MPRegen 0.52/turn               m - ring of wizardry

@: no status effects
A: horns 1, large bone plates 2, spiny 1, condensation shield
a: Renounce Religion, Minor Destruction, Lesser Servant of Makhleb, Major
Destruction


You were on level 6 of the Dungeon.
You worshipped Makhleb.
Makhleb was greatly pleased with you.
You visited 1 branch of the dungeon, and saw 6 of its levels.

You collected 1307 gold pieces.

Inventory:

Hand Weapons
 a - a +0 long sword (weapon)
Missiles
 d - 3 throwing nets
 g - 246 stones
 p - 3 poisoned darts
 t - 5 silver javelins (quivered)
Armour
 f - a +0 scale mail
 h - a +0 chain mail
 l - a +0 cloak (worn)
 u - a +0 ring mail (worn)
Jewellery
 c - the amulet "Xaps" (around neck) {RegenMP rPois Regen+ Dex-4}
   (You acquired it on level 4 of the Dungeon)

   [amulet of magic regeneration]

   It increases your rate of magic regeneration.
   Dex:       It affects your dexterity (-4).
   rPois:     It protects you from poison.
   Regen:     It increases your rate of health regeneration.
 m - a ring of wizardry (right hand)
 q - a +4 ring of evasion (left hand)
Wands
 b - a wand of polymorph (11)
 w - a wand of flame (41)
Scrolls
 i - 2 scrolls of fear
 j - a scroll of blinking {unknown}
 s - 2 scrolls of magic mapping {unknown}
 v - 2 scrolls of immolation {unknown}
Potions
 e - a potion of ambrosia
 k - 4 potions of curing
 n - 3 potions of lignification
 o - 3 potions of heal wounds
 r - 3 potions of flight
 x - a potion of cancellation
 z - a potion of haste {unknown}


   Skills:
 + Level 4.3 Fighting
 * Level 5.7 Long Blades
 - Level 3.2 Throwing
 * Level 4.5 Armour
 - Level 2.6 Dodging
 + Level 4.9 Invocations


You had 6 spell levels left.
You knew the following spells:

 Your Spells              Type           Power      Damage    Failure   Level
a - Beastly Appendage     Tmut           0%         N/A       26%         1

Your spell library contained the following spells:

 Spells                   Type           Power      Damage    Failure   Level
 Freeze                   Ice            0%         1d3       26%         1
 Ensorcelled Hibernation  Hex/Ice        0%         N/A       34%         2
 Passwall                 Tmut/Erth      0%         N/A       34%         2
 Scorch                   Fire           0%         2d5       34%         2
 Wereblood                Tmut           0%         N/A       34%         2
 Frozen Ramparts          Ice            0%         1d2       56%         3
 Gell's Gravitas          Tloc           0%         N/A       56%         3
 Ozocubu's Armour         Ice            0%         N/A       56%         3
 Spider Form              Tmut/Pois      0%         N/A       56%         3
 Swiftness                Air            0%         N/A       56%         3
 Teleport Other           Tloc           0%         N/A       56%         3
 Anguish                  Hex/Necr       0%         N/A       91%         4
 Flame Wave               Conj/Fire      0%         2d4       91%         4
 Hailstorm                Conj/Ice       0%         3d3       91%         4
 Summon Lightning Spire   Summ/Air       0%         N/A       91%         4
 Dispersal                Tloc           0%         N/A       100%        6
 Summon Cactus Giant      Summ           0%         N/A       100%        6
 Ozocubu's Refrigeration  Ice            0%         4d5       100%        7
 Storm Form               Tmut/Air       0%         N/A       100%        7
 Maxwell's Capacitive Co  Air            0%         ∞         100%        8


Dungeon Overview and Level Annotations

Branches:
Dungeon (6/15)             Temple (0/1) D:5

Altars:
Cheibriados
Makhleb
Qazlal


Innate Abilities, Weirdness & Mutations

You have a pair of small horns on your head.
You are mostly covered in large bone plates. (SH +6)
You are partially covered in sharp spines.
A meltable shield of frost defends you. (SH +4)


Message History

Makhleb accepts your kill.
You closely miss the orc priest. Your headbutt misses the orc priest.
You block the orc priest's attack.
You closely miss the orc priest. Your headbutt misses the orc priest.
The orc warrior is struck by your spines.
The orc warrior hits you but does no damage.
You hit the orc priest.
The orc priest is moderately wounded.
The orc priest barely misses you.
The orc warrior hits you with a +0 war axe!
You block the orc's attack.
You hear some strange, mumbled words.
A magic dart appears from out of thin air!
The magic dart hits you!
You hit the orc priest but do no damage.
The orc priest is moderately wounded.
The orc priest calls down the wrath of Beogh upon you.
Pain shoots through your body!
The orc warrior hits you with a +0 war axe!
The orc misses you.
You hear some strange, mumbled words.
You are confused.
The orc priest hits you with a +0 club. The orc is struck by your spines.
The orc barely misses you.
You see here 6 gold pieces.
You barely miss the orc.
The orc is severely wounded.
The orc warrior barely misses you. The orc misses you.
The orc priest hits you but does no damage.
Something hits you but does no damage.
The orc warrior is struck by your spines.
The orc warrior hits you with a +0 war axe!
* * * LOW HITPOINT WARNING * * *
You feel better. You block the orc's attack.
The orc priest mumbles some strange prayers to Beogh against you.
Beogh smites you!
* * * LOW HITPOINT WARNING * * *
Something hits you but does no damage.
The orc warrior hits you with a +0 war axe!
You die...

#... ..... .#######... ....##
....#...... #....## .......#....
.....# ............. ....#
....#........
.##...##.............
#...#.o.#..............
....#.@{...............
......#oo....#.......... #######
.............#.#........
#...#.####.........####.#........
#...#.#.#..<............#........
......................###........
...##.##..............#....#.....
#..#####........^.....#...##.....
.....##..........................


You could see an orc warrior, an orc priest and an orc.

Vanquished Creatures
  A black bear (D:5)
  3 ogres
  A centaur (D:3)
  A bullfrog (D:6)
  A gnoll sergeant (D:5)
  A scorpion (D:5)
  An iron imp (D:3)
  A jelly (D:4)
  A gnoll shaman (D:5)
  2 orc priests
  A centaur skeleton (D:5)
  A hound (D:4)
  A bullfrog skeleton (D:5)
  An iguana (D:4)
  3 hound skeletons
  Robin (D:2)
  13 gnolls
  5 adders
  2 howler monkey skeletons
  2 shadow imps
  3 white imps
  4 dart slugs
  16 orcs
  4 endoplasms
  5 giant cockroaches
  7 goblins
  9 hobgoblins
  4 jackals (D:3)
  3 quokkas
  5 ball pythons
  4 bats
  3 frilled lizards
  5 kobolds
  8 rats
123 creatures vanquished.

Notes
Turn   | Place    | Note
-------+----------+-------------------------------------------
     0 | D:1      | firemarshallily the Demonspawn Gladiator began the quest
                  | for the Orb.
     0 | D:1      | Reached XP level 1. HP: 16/16 MP: 1/1
   132 | D:1      | Found a faded altar of an unknown god.
   153 | D:1      | Prayed at the altar of an unknown god.
   153 | D:1      | Became a worshipper of Makhleb the Destroyer
   153 | D:1      | Reached * piety under Makhleb
   673 | D:2      | Gained mutation: A meltable shield of frost defends you.
                  | (SH +4) [demonic ancestry]
   673 | D:2      | Reached XP level 2. HP: 22/22 MP: 2/2
   769 | D:2      | Reached skill level 3 in Long Blades
   961 | D:2      | Reached skill level 1 in Invocations
   972 | D:2      | Reached XP level 3. HP: 25/27 MP: 3/3
  1021 | D:2      | Reached ** piety under Makhleb
  1067 | D:2      | Identified the +0 helmet "Xoushr Egut" {Dex+3}
  1067 | D:2      | Noticed Robin
  1089 | D:2      | Killed Robin
  1090 | D:2      | Reached skill level 1 in Armour
  1113 | D:2      | Learned a level 1 spell: Beastly Appendage
  1576 | D:3      | Noticed a centaur
  1589 | D:3      | Killed a centaur
  1590 | D:3      | Gained mutation: You are partially covered in sharp spines.
                  | [demonic ancestry]
  1590 | D:3      | Reached XP level 4. HP: 23/34 MP: 5/5
  1602 | D:3      | Gained mutation: You have a pair of small horns on your
                  | head. [demonic ancestry]
  1602 | D:3      | Reached XP level 5. HP: 39/39 MP: 6/6
  1951 | D:3      | Found a snail-covered altar of Cheibriados.
  2082 | D:3      | Reached *** piety under Makhleb
  2086 | D:3      | Gained mutation: You are partially covered in large bone
                  | plates. (SH +4) [demonic ancestry]
  2086 | D:3      | Reached XP level 6. HP: 34/47 MP: 6/8
  2269 | D:4      | Reached skill level 4 in Long Blades
  3028 | D:4      | Identified a scroll of acquirement
  3028 | D:4      | Acquired the amulet "Xaps" {RegenMP rPois Regen+ Dex-4}
  3096 | D:5      | Entered Level 5 of the Dungeon
  3113 | D:5      | Reached XP level 7. HP: 35/52 MP: 9/9
  3146 | D:5      | Found a staircase to the Ecumenical Temple.
  3172 | D:5      | Reached **** piety under Makhleb
  3351 | D:5      | Reached skill level 5 in Long Blades
  3585 | D:5      | Acquired 1080 gold pieces
  3651 | D:5      | Found a stormy altar of Qazlal.
  3652 | D:5      | Noticed an air elemental
  3653 | D:5      | Noticed a fire elemental
  3653 | D:5      | Noticed a water elemental
  4024 | D:6      | Gained mutation: You are mostly covered in large bone
                  | plates. (SH +6) [demonic ancestry]
  4024 | D:6      | Reached XP level 8. HP: 54/60 MP: 11/11
  4365 | D:6      | Slain by an orc warrior

Illustrated notes

Levels and vault maps discovered:
D:1:      tarquinn_simple_flora_water_d, layout_loops_ring,
          shapermc_ecumenical_altar_starsandcircs,
          hangedman_abyss_or_decor_stabs, st_stairs_3, minmay_misc_feat_enclosed
D:2:      layout_basic, uniq_robin
D:3:      layout_loops_ring, slow_altar_1, grunt_ministairs_12, moated_statue,
          dk_noncrumbling_3, kennysheep_generic_room_4
D:4:      layout_gridville
D:5:      layout_basic, nicolae_qazlal_style_of_elements,
          minmay_temple_entry_hall
D:6:      layout_cave_pools

Skill      XL: |  1  2  3  4  5  6  7 |
---------------+----------------------+-----
Throwing       | 2 3 |  3.2
Long Blades    | 3 4 5 |  5.7
Invocations    | 1 2 3 4 |  4.9
Armour         | 1 2 3 4 |  4.5
Fighting       | 3 4 |  4.3
Dodging        | |  2.6

Action                   |  1- 3 |  4- 6 |  7- 9 || total
-------------------------+-------+-------+-------++-------
Melee: Long sword        |   120 |   117 |   106 ||   343
       Punch             |     3 |       |     2 ||     5
       Headbutt          |       |    21 |    20 ||    41
Throw: Javelin           |       |     5 |     7 ||    12
  Use: Scroll            |       |    10 |     2 ||    12
       Potion            |       |       |     1 ||     1
 Stab: Sleeping          |     2 |       |       ||     2
Armor: Leather armour    |    26 |     3 |       ||    29
       Ring mail         |       |     8 |    21 ||    29
Dodge: Dodged            |    82 |    93 |    56 ||   231
Block: Other             |    27 |    41 |    44 ||   112
